 Dungeon Crawl Stone Soup version 0.31-a0-431-g88bdf31460 (webtiles) character file.

Game seed: 12241931082738580151

142 MrMonkeyMan the Magician (level 5, -20/28 HPs)
             Began as a Deep Elf Air Elementalist on July 31, 2023.
             Demolished by an ogre
             ... wielding a +0 giant spiked club
              (29 damage)
             ... on level 3 of the Dungeon.
             The game lasted 00:16:54 (3167 turns).

MrMonkeyMan the Magician (DEAE)                     Turns: 3167, Time: 00:16:55

Health: -20/28     AC:  3    Str:  5    XL:     5   Next: 3%
Magic:  6/14       EV: 13    Int: 22    God:
Gold:   54         SH:  0    Dex: 15    Spells: 10/13 levels left

rFire   . . .        i - +0 short sword
rCold   . . .        (no shield)
rNeg    . . .        a - +0 robe
rPois   .            g - +0 helmet
rElec   .            (no cloak)
rCorr   .            (no gloves)
SInv    .            (no boots)
Will    .....        (no amulet)
Stlth   ++           (no ring)
HPRegen 0.24/turn    (no ring)
MPRegen 0.14/turn

%: no passive effects
@: no status effects
A: no striking features
a: no special abilities


You were on level 3 of the Dungeon.
You visited 1 branch of the dungeon, and saw 4 of its levels.

You collected 84 gold pieces.
You spent 30 gold pieces at shops.

Inventory:

Hand Weapons
 i - a +0 short sword (weapon)
 q - a +0 sling
Missiles
 p - 5 poisoned darts
 t - 18 stones
Armour
 a - a +0 robe (worn)
 g - a +0 helmet (worn)
Scrolls
 c - a scroll of immolation {unknown}
 d - a scroll of identify {unknown}
 e - a scroll of enchant weapon {unknown}
 k - a scroll of teleportation
 o - 4 scrolls of enchant armour {unknown}
 v - a scroll of revelation {unknown}
Potions
 b - a potion of magic
 f - a potion of heal wounds {unknown}
 h - 2 potions of curing {unknown}
 j - 4 potions of might {unknown}
 l - 2 potions of attraction {unknown}
 m - 2 potions of mutation {unknown}
 n - a potion of ambrosia {unknown}
 r - a potion of enlightenment {unknown}
 s - a potion of haste {unknown}
 u - a potion of lignification {unknown}


   Skills:
 + Level 2.7 Dodging
 + Level 3.2 Stealth
 + Level 4.9 Spellcasting
 + Level 2.3 Conjurations
 + Level 3.9 Air Magic


You had 10 spell levels left.
You knew the following spells:

 Your Spells              Type           Power      Damage    Failure   Level
a - Shock                 Conj/Air       76%        1d7       2%          1
b - Static Discharge      Conj/Air       38%        2-4/arc   4%          2

Your spell library contained the following spells:

 Spells                   Type           Power      Damage    Failure   Level
 Swiftness                Air            23%        N/A       6%          3
 Airstrike                Air            11%        2d(2-18)  21%         4


Dungeon Overview and Level Annotations

Branches:
Dungeon (4/15)
 Temple: D:4-7

Altars:

Shops:
D:4 ?


Message History

The ogre is moderately wounded.
Aiming: Shock (safe; 2% risk of failure)
Press: ? - help, Q - select action, (/) - cycle Shift-Dir - straight line, f/p - ogre
Aim: an ogre, wielding a +0 giant spiked club (moderately wounded, 86% to hit)
The zap hits the ogre.
The ogre is moderately wounded.
Aiming: Shock (safe; 2% risk of failure)
Press: ? - help, Q - select action, (/) - cycle Shift-Dir - straight line, f/p - ogre
Aim: an ogre, wielding a +0 giant spiked club (moderately wounded, 86% to hit)
The zap hits the ogre.
The ogre is heavily wounded.
Aiming: Shock (safe; 2% risk of failure)
Press: ? - help, Q - select action, (/) - cycle Shift-Dir - straight line, f/p - ogre
Aim: an ogre, wielding a +0 giant spiked club (heavily wounded, 86% to hit)
The zap hits the ogre.
The ogre is heavily wounded.
Aiming: Shock (safe; 2% risk of failure)
Press: ? - help, Q - select action, (/) - cycle Shift-Dir - straight line, f/p - ogre
Aim: an ogre, wielding a +0 giant spiked club (heavily wounded, 86% to hit)
The zap hits the ogre.
The ogre is severely wounded.
Casting: Shock (safe; 2% risk of failure)
Confirm with . or Enter, or press ? or * to list all spells.
The ogre is struck by an arc of lightning.
The ogre is severely wounded.
You are struck by an arc of lightning.
The ogre is struck by an arc of lightning.
The ogre is severely wounded.
The lightning grounds out.
The ogre barely misses you.
Casting: Static Discharge (safe; 4% risk of failure)
Confirm with . or Enter, or press ? or * to list all spells.
The ogre is struck by an arc of lightning.
The ogre is almost dead.
You are struck by an arc of lightning.
The lightning grounds out.
The ogre hits you with a +0 giant spiked club!
Ouch! That really hurt!
The ogre attacks as you move away!
The ogre hits you with a +0 giant spiked club!!
Ouch! That really hurt!
You die...

#####+ #.
############ #.
#..........# #.
#.########.# #.
#.#......#.# #.
#.#####.....# #.# #.
........#O#.# #.# ##
##.####.#@# # #.#
#.....# #.#########
###.#....#..........
#.################
#.. ####


You could see an ogre.

Vanquished Creatures
  An iguana (D:4)
  4 adders
  A worm (D:2)
  3 dart slugs
  2 orcs
  7 bats
  6 endoplasms
  5 giant cockroaches
  4 hobgoblins
  10 jackals
  3 quokkas
  5 ball pythons
  4 frilled lizards
  8 kobolds
  3 rats
66 creatures vanquished.

Notes
Turn   | Place    | Note
-------+----------+-------------------------------------------
     0 | D:1      | MrMonkeyMan the Deep Elf Air Elementalist began the quest
                  | for the Orb.
     0 | D:1      | Reached XP level 1. HP: 10/10 MP: 6/6
   294 | D:1      | Reached XP level 2. HP: 15/15 MP: 5/8
  1259 | D:1      | Reached XP level 3. HP: 13/19 MP: 5/10
  1531 | D:2      | You fall into a shaft and drop 2 floors!
  1531 | D:4      | Found Pujetapt's Magic Scroll Boutique.
  1533 | D:4      | Bought a scroll of teleportation for 30 gold pieces
  1539 | D:4      | Learned a level 2 spell: Static Discharge
  1616 | D:4      | Reached skill level 4 in Spellcasting
  1616 | D:4      | Reached XP level 4. HP: 13/24 MP: 2/12
  2856 | D:3      | Reached XP level 5. HP: 28/28 MP: 10/14
  3155 | D:3      | Noticed an ogre
  3167 | D:3      | Demolished by an ogre

Illustrated notes

Levels and vault maps discovered:
D:1:      dpeg_arrival_concentric_ovals, layout_basic
D:2:      layout_rooms
D:3:      layout_basic
D:4:      layout_gridville, mainiacjoe_overflow_cross_hatched, serial_shops,
          shop, nicolae_shop_peninsula, amcnicky_mini_corridor_feature,
          nicolae_shop_firing_range

Skill      XL: |  1  2  3  4 |
---------------+-------------+-----
Stealth        | 3 |  3.2
Spellcasting   | 4 |  4.9
Conjurations   | 2 |  2.3
Dodging        | |  2.7
Air Magic      | |  3.9

Action                     |  1- 3 |  4- 6 || total
---------------------------+-------+-------++-------
   Cast: Shock             |    73 |    73 ||   146
         Static Discharge  |     3 |     6 ||     9
 Armour: Robe              |     9 |     1 ||    10
  Dodge: Dodged            |    13 |     6 ||    19

Table legend: (Time is in decaauts)
 A = Elapsed time spent in this place.
 B = Non-inter-level travel time spent in this place.
 C = Inter-level travel time spent in this place.
 D = Time resting spent in this place.
 E = Time spent auto-exploring this place.
 F = Levels seen in this place.
 G = Mean time per level.
                   A        B        C        D        E       F      G
               +--------+--------+--------+--------+--------+-----+--------+
         Total |   3169 |   2952 |    217 |    925 |   1501 |   4 |  792.2 |
       Dungeon |   3169 |   2952 |    217 |    925 |   1501 |   4 |  792.2 |
               +--------+--------+--------+--------+--------+-----+--------+

Top non-repeatable levels by time:
     D:1: 1373 daAuts
     D:3: 853 daAuts
     D:2: 697 daAuts
     D:4: 244 daAuts
